 Dungeon Crawl Stone Soup version 0.30.1-6-gbe392663c4 (webtiles) character file.

Game seed: 10761596556878934018

17 ChiefBigBeans the Sneak (level 2, 0/13 HPs)
             Began as a Spriggan Enchanter on Sept 22, 2023.
             Slain by a gnoll
             ... wielding a +0 club
              (7 damage)
             ... on level 1 of the Dungeon.
             The game lasted 00:04:30 (778 turns).

ChiefBigBeans the Sneak (Spriggan Enchanter)         Turns: 778, Time: 00:04:31

Health: 0/13       AC:  2    Str:  4    XL:     2   Next: 44%
Magic:  1/7        EV: 17    Int: 16    God:
Gold:   42         SH:  0    Dex: 15    Spells: 5/7 levels left

rFire   . . .        a - +1 dagger
rCold   . . .        (no shield)
rNeg    . . .        b - +0 robe
rPois   .            (helmet restricted)
rElec   .            (no cloak)
rCorr   .            (gloves unavailable)
SInv    +            (boots unavailable)
Will    .....        (no amulet)
Stlth   ++           (no ring)
HPRegen 0.22/turn    (no ring)
MPRegen 0.10/turn

%: no passive effects
@: slow
A: very small, no large weapons, unfitting armour, see invisible, speed 3
a: no special abilities


You were on level 1 of the Dungeon.
You visited 1 branch of the dungeon, and saw 1 of its levels.

You collected 42 gold pieces.

Inventory:

Hand Weapons
 a - a +1 dagger (weapon)
Armour
 b - a +0 robe (worn)
Magical Staves
 g - a staff of conjuration
Scrolls
 d - a scroll of fog {unknown}
 e - a scroll of vulnerability {unknown}
 f - 2 scrolls of identify {unknown}
 k - a scroll of teleportation {unknown}
Potions
 c - 2 potions of invisibility
 h - a potion of degeneration {unknown}
 i - a potion of curing {unknown}
 j - a potion of magic {unknown}
 l - a potion of resistance {unknown}


   Skills:
 + Level 1.8 Short Blades
 - Level 2.6 Dodging
 - Level 4.4 Stealth
 + Level 3.1 Spellcasting
 + Level 4.0 Hexes


You had 5 spell levels left.
You knew the following spells:

 Your Spells              Type           Power      Damage    Failure   Level
a - Ensorcelled Hibernat  Hex/Ice        18%        N/A       12%         2

Your spell library contained the following spells:

 Spells                   Type           Power      Damage    Failure   Level
 Confusing Touch          Hex            15%        N/A       11%         3
 Tukima's Dance           Hex            15%        N/A       11%         3
 Summon Small Mammal      Summ           8%         N/A       19%         1
 Dazzling Flash           Conj/Hex       18%        N/A       24%         3
 Summon Guardian Golem    Hex/Summ       9%         N/A       24%         3
 Call Canine Familiar     Summ           2%         N/A       50%         3


Dungeon Overview and Level Annotations

Branches:
Dungeon (1/15)

Altars:


Innate Abilities, Weirdness & Mutations

You are very small and have problems with some larger weapons.
You are too small for most types of armour.
You have supernaturally acute eyesight. (SInv)
You cover ground extremely quickly. (Speed+++)


Message History

You are too injured to fight recklessly!
You are too injured to fight recklessly!
You are too injured to fight recklessly!
You hit the gnoll.
The gnoll is moderately wounded.
The gnoll closely misses you.
You hit the gnoll but do no damage.
The gnoll is moderately wounded.
The gnoll misses you.
You closely miss the gnoll.
The gnoll is moderately wounded.
The gnoll barely misses you.
Okay, then.
You are too injured to fight recklessly!
Casting: Ensorcelled Hibernation (safe; 12% risk of failure)
Confirm with . or Enter, or press ? or * to list all spells.
You don't know that spell.
Casting: Ensorcelled Hibernation (safe; 12% risk of failure)
Confirm with . or Enter, or press ? or * to list all spells.
Aiming: Ensorcelled Hibernation (safe; 12% risk of failure)
Press: ? - help, Shift-Dir - straight line, f - gnoll
Aim: a gnoll, wielding a +0 club (moderately wounded, chance to affect: 51%)
The gnoll resists with significant effort.
The gnoll closely misses you.
Casting: Ensorcelled Hibernation (safe; 12% risk of failure)
Confirm with . or Enter, or press ? or * to list all spells.
Aiming: Ensorcelled Hibernation (safe; 12% risk of failure)
Press: ? - help, Shift-Dir - straight line, f/p - gnoll
Aim: a gnoll, wielding a +0 club (moderately wounded, chance to affect: 51%)
The gnoll resists with significant effort.
The gnoll barely misses you.
Casting: Ensorcelled Hibernation (safe; 12% risk of failure)
Confirm with . or Enter, or press ? or * to list all spells.
Aiming: Ensorcelled Hibernation (safe; 12% risk of failure)
Press: ? - help, Shift-Dir - straight line, f/p - gnoll
Aim: a gnoll, wielding a +0 club (moderately wounded, chance to affect: 51%)
The gnoll resists with significant effort.
The gnoll hits you with a +0 club!
Ouch! That really hurt!
You die...

.### ###### ...# #....#
## ##.# #....# ##. . ##
##.###....###..~. ~≈#
....†..........♣~ ~.#
...###....###.~.♣#..~#~.
...# #....# #.~≈~♣..~~~~
...# #....# #.≈.≈g.#~...
...# #....# #...@≈~~~~~~
...# ###### #.≈~(..~≈.~.
...##########.~#~.......
...........#..≈##.♣#≈.≈.
...........#.### #.. .~.
.............# ..# #.
###.........## ###
####........#
...........##


You could see a gnoll.

Vanquished Creatures
  2 goblins (D:1)
  3 hobgoblins (D:1)
  4 jackals (D:1)
  2 ball pythons (D:1)
  A bat (D:1)
  2 frilled lizards (D:1)
  A kobold (D:1)
  A rat (D:1)
16 creatures vanquished.

Notes
Turn   | Place    | Note
-------+----------+-------------------------------------------
     0 | D:1      | ChiefBigBeans the Spriggan Enchanter began the quest for
                  | the Orb.
     0 | D:1      | Reached XP level 1. HP: 9/9 MP: 5/5
   296 | D:1      | Reached XP level 2. HP: 12/13 MP: 7/7
   379 | D:1      | Learned a level 2 spell: Ensorcelled Hibernation
   778 | D:1      | Slain by a gnoll

Illustrated notes

Levels and vault maps discovered:
D:1:      lemuel_arrival_hallway, layout_basic, st_stairs_13,
          chequers_serial_rivers_marsh, serial_bayou_crossing

Skill      XL: |  1  2 |
---------------+-------+-----
Spellcasting   | 3 |  3.1
Hexes          | 4 |  4.0
Short Blades   | |  1.8
Dodging        | |  2.6
Stealth        | |  4.4

Action                     || total
---------------------------++-------
  Melee: Dagger            ||    83
         Punch             ||     1
   Cast: Ensorcelled Hiber ||     3
   Stab: Distracted        ||     1
         Sleeping          ||     1
 Armour: Robe              ||     5
  Dodge: Dodged            ||    66
